General information
- name: BNet
- type: Ladder team game (AT/RT)
- host: Battle.net
- saver: zergrushkekeke
map: Deadlock
- players: 8
- length: 41:43
- speed: Fast
- version: 1.18 W3XP
- replay type: Public
» download(221 KB)
Players
team 1 (loser)
VileBone (
blue | 38 APM | 1558 actions | 40:49)
7 Dark Ranger
3 Black Arrow
1 Silence
2 Life Drain
1 Charm
3 Crypt Lord
2 Impale
1 Spiked Carapace
» actions
| Assign group hotkey | 2 | |
| Basic commands | 10 | |
| Build / train | 53 | |
| Enter build submenu | 18 | |
| Enter hero's abilities submenu | 10 | |
| Right click | 966 | |
| Select / deselect | 396 | |
| Select group hotkey | 13 | |
| Use ability | 90 | |
1558 total
» units
| Acolyte | 7 | |
| Ghoul | 7 | |
| Crypt Fiend | 13 | |
27 total
» upgrades
| Creature Attack | 3 | |
| Web | 1 | |
| Burrow | 1 | |
| Creature Carapace | 1 | |
6 total
» buildings
| Crypt | 2 | |
| Ziggurat | 9 | |
| Altar of Darkness | 1 | |
| Graveyard | 1 | |
| Tomb of Relics | 1 | |
| Halls of the Dead | 1 | |
| Black Citadel | 1 | |
| Nerubian Tower | 1 | |
| Necropolis | 3 | |
20 total
» build order
00:08 Crypt
00:11 Ziggurat
00:42 Ziggurat
00:59 Altar of Darkness
02:30 Graveyard
02:36 Tomb of Relics
03:18 Ziggurat
03:23 Crypt
06:13 Halls of the Dead
07:32 Ziggurat
07:36 Ziggurat
10:35 Black Citadel
10:40 Ziggurat
10:47 Ziggurat
10:53 Ziggurat
11:39 Ziggurat
15:58 Nerubian Tower
26:33 Necropolis
33:01 Necropolis
36:40 Necropolis
» items
| Rod of Necromancy | 1 | |
| Scroll of Town Portal | 2 | |
| Potion of Healing | 1 | |
| Scroll of Healing | 1 | |
5 total
paradoxe23 (
yellow | 53 APM | 2189 actions | 41:37)
5 Dreadlord
3 Sleep
2 Vampiric Aura
2 Death Knight
1 Death Coil
1 Unholy Aura
3 Priestess of the Moon
1 Starfall
1 Searing Arrows
1 Scout
» actions
| Basic commands | 84 | |
| Build / train | 58 | |
| Enter build submenu | 21 | |
| Enter hero's abilities submenu | 10 | |
| Remove unit from queue | 4 | |
| Right click | 1351 | |
| Select / deselect | 598 | |
| Use ability | 61 | |
2189 total
» units
| Acolyte | 6 | |
| Ghoul | 5 | |
| Crypt Fiend | 7 | |
| Necromancer | 17 | |
35 total
» upgrades
| Unholy Armor | 1 | |
| Web | 1 | |
| Necromancer Training | 1 | |
| Skeletal Longevity | 1 | |
4 total
» buildings
| Ziggurat | 9 | |
| Altar of Darkness | 1 | |
| Crypt | 1 | |
| Graveyard | 1 | |
| Halls of the Dead | 1 | |
| Tomb of Relics | 1 | |
| Temple of the Damned | 2 | |
| Black Citadel | 1 | |
| Necropolis | 1 | |
| Tree of Life | 1 | |
19 total
» build order
00:07 Ziggurat
00:09 Altar of Darkness
00:13 Crypt
01:45 Ziggurat
02:16 Graveyard
03:07 Halls of the Dead
03:15 Tomb of Relics
04:33 Ziggurat
06:25 Temple of the Damned
06:30 Temple of the Damned
06:33 Ziggurat
07:09 Ziggurat
15:12 Black Citadel
16:40 Ziggurat
18:39 Ziggurat
25:13 Necropolis
30:15 Ziggurat
34:49 Tree of Life
36:38 Ziggurat
» items
LuciusSulla (
purple | 30 APM | 662 actions | 22:04)
4 Priestess of the Moon
2 Searing Arrows
2 Trueshot Aura
» actions
| Assign group hotkey | 11 | |
| Build / train | 80 | |
| Enter build submenu | 18 | |
| Enter hero's abilities submenu | 4 | |
| Remove unit from queue | 9 | |
| Right click | 240 | |
| Select / deselect | 224 | |
| Select group hotkey | 32 | |
| Use ability | 44 | |
662 total
» units
| Wisp | 28 | |
| Archer | 9 | |
| Huntress | 1 | |
| Druid of the Claw | 15 | |
53 total
» upgrades
| Ultravision | 1 | |
| Strength of the Moon | 1 | |
| Moon Armor | 1 | |
| Druid of the Claw Training | 2 | |
| Strength of the Wild | 3 | |
| Reinforced Hides | 2 | |
| Mark of the Claw | 1 | |
11 total
» buildings
| Moon Well | 6 | |
| Altar of Elders | 1 | |
| Ancient of War | 1 | |
| Hunter's Hall | 1 | |
| Tree of Ages | 1 | |
| Tree of Life | 1 | |
| Ancient of Lore | 2 | |
| Ancient Protector | 5 | |
| Tree of Eternity | 1 | |
19 total
» build order
00:15 Moon Well
00:20 Altar of Elders
00:31 Ancient of War
02:25 Moon Well
03:28 Moon Well
04:56 Hunter's Hall
05:17 Moon Well
06:47 Moon Well
06:56 Tree of Ages
08:16 Tree of Life
08:53 Moon Well
10:10 Ancient of Lore
10:16 Ancient of Lore
10:24 Ancient Protector
10:30 Ancient Protector
10:37 Ancient Protector
10:43 Ancient Protector
10:50 Ancient Protector
13:13 Tree of Eternity
marineskillzerg (
teal | 18 APM | 762 actions | 41:25)
5 Crypt Lord
3 Carrion Beetles
2 Spiked Carapace
1 Lich
1 Frost Armor
1 Priestess of the Moon
1 Trueshot Aura
» actions
| Assign group hotkey | 9 | |
| Basic commands | 34 | |
| Build / train | 65 | |
| Enter build submenu | 31 | |
| Enter hero's abilities submenu | 7 | |
| Remove unit from queue | 1 | |
| Right click | 217 | |
| Select / deselect | 312 | |
| Select group hotkey | 51 | |
| Use ability | 35 | |
762 total
» units
| Acolyte | 3 | |
| Ghoul | 22 | |
| Abomination | 3 | |
| Gargoyle | 9 | |
37 total
» upgrades
| Unholy Strength | 2 | |
| Unholy Armor | 1 | |
| Disease Cloud | 2 | |
| Web | 1 | |
| Creature Attack | 1 | |
| Creature Carapace | 1 | |
8 total
» buildings
| Altar of Darkness | 1 | |
| Ziggurat | 11 | |
| Crypt | 4 | |
| Graveyard | 3 | |
| Halls of the Dead | 1 | |
| Spirit Tower | 3 | |
| Nerubian Tower | 4 | |
| Slaughterhouse | 2 | |
| Black Citadel | 1 | |
| Tomb of Relics | 1 | |
| Necropolis | 3 | |
34 total
» build order
00:20 Altar of Darkness
00:34 Ziggurat
01:22 Crypt
02:02 Graveyard
03:24 Halls of the Dead
03:47 Spirit Tower
03:59 Ziggurat
04:20 Ziggurat
05:16 Spirit Tower
05:17 Nerubian Tower
07:32 Slaughterhouse
07:54 Black Citadel
08:39 Ziggurat
08:40 Ziggurat
09:57 Spirit Tower
09:59 Nerubian Tower
10:04 Tomb of Relics
13:41 Slaughterhouse
19:29 Crypt
26:31 Necropolis
27:27 Ziggurat
27:28 Ziggurat
28:40 Necropolis
29:39 Necropolis
29:50 Ziggurat
29:56 Ziggurat
30:16 Crypt
30:55 Nerubian Tower
31:23 Graveyard
31:50 Nerubian Tower
33:03 Ziggurat
33:08 Graveyard
33:27 Crypt
35:56 Ziggurat
» items
team 2 (winner)

»
zugdug (
pink | 38 APM | 1590 actions | 41:37)
8 Blood Mage
2 Banish
3 Siphon Mana
2 Flame Strike
1 Summon Phoenix
» actions
| Assign group hotkey | 3 | |
| Basic commands | 496 | |
| Build / train | 73 | |
| ESC pressed | 25 | |
| Enter build submenu | 27 | |
| Enter hero's abilities submenu | 8 | |
| Right click | 493 | |
| Select / deselect | 372 | |
| Use ability | 93 | |
1590 total
» units
| Peasant | 11 | |
| Footman | 2 | |
| Rifleman | 21 | |
| Mortar Team | 3 | |
37 total
» upgrades
| Gunpowder | 2 | |
| Armor | 2 | |
| Long Rifles | 1 | |
| Lumber Harvesting | 2 | |
| Fragmentation Shards | 1 | |
| Flare | 1 | |
| Masonry | 1 | |
10 total
» buildings
| Farm | 10 | |
| Altar of Kings | 1 | |
| Barracks | 2 | |
| Blacksmith | 1 | |
| Arcane Vault | 1 | |
| Lumber Mill | 1 | |
| Keep | 1 | |
| Scout Tower | 4 | |
| Workshop | 1 | |
| Castle | 1 | |
| Cannon Tower | 3 | |
| Arcane Tower | 1 | |
| Town Hall | 2 | |
29 total
» build order
00:03 Farm
00:07 Altar of Kings
00:12 Barracks
01:39 Blacksmith
02:03 Farm
02:25 Arcane Vault
03:45 Farm
04:45 Barracks
04:47 Farm
05:27 Lumber Mill
06:45 Keep
07:49 Farm
07:52 Farm
08:54 Farm
08:59 Farm
14:15 Scout Tower
14:19 Scout Tower
14:37 Workshop
14:50 Castle
15:42 Farm
15:43 Farm
18:20 Cannon Tower
19:41 Cannon Tower
19:43 Scout Tower
19:45 Scout Tower
26:55 Cannon Tower
26:59 Arcane Tower
28:13 Town Hall
32:09 Town Hall
» items
| Lesser Clarity Potion | 2 | |
| Scroll of Regeneration | 1 | |
| Potion of Mana | 3 | |
| Potion of Healing | 3 | |
| Orb of Fire | 1 | |
| Staff of Sanctuary | 1 | |
11 total
Dark-Evil-Demon (
orange | 29 APM | 1209 actions | 41:37)
7 Demon Hunter
3 Immolation
3 Evasion
1 Metamorphosis
» actions
| Build / train | 85 | |
| Enter build submenu | 35 | |
| Enter hero's abilities submenu | 7 | |
| Remove unit from queue | 2 | |
| Right click | 625 | |
| Select / deselect | 380 | |
| Use ability | 75 | |
1209 total
» units
| Wisp | 28 | |
| Archer | 4 | |
| Razormane Medicine Man | 1 | |
| Dryad | 28 | |
61 total
» upgrades
| Strength of the Wild | 3 | |
| Reinforced Hides | 3 | |
| Abolish Magic | 1 | |
7 total
» buildings
| Altar of Elders | 2 | |
| Moon Well | 16 | |
| Ancient of War | 1 | |
| Ancient of Wonders | 1 | |
| Hunter's Hall | 2 | |
| Tree of Ages | 2 | |
| Ancient of Lore | 7 | |
| Tree of Eternity | 1 | |
| Tree of Life | 1 | |
33 total
» build order
00:23 Altar of Elders
00:42 Moon Well
00:50 Ancient of War
01:50 Moon Well
02:23 Ancient of Wonders
02:47 Hunter's Hall
05:30 Tree of Ages
06:57 Moon Well
09:20 Ancient of Lore
10:34 Ancient of Lore
11:45 Ancient of Lore
12:59 Ancient of Lore
13:37 Tree of Eternity
13:49 Moon Well
15:02 Moon Well
15:59 Moon Well
22:27 Tree of Life
26:28 Altar of Elders
26:33 Moon Well
27:32 Hunter's Hall
27:38 Moon Well
28:43 Tree of Ages
31:26 Ancient of Lore
32:30 Ancient of Lore
32:35 Ancient of Lore
34:47 Moon Well
34:52 Moon Well
34:55 Moon Well
37:44 Moon Well
37:53 Moon Well
37:58 Moon Well
38:41 Moon Well
38:49 Moon Well
» items
| Orb of Venom | 1 | |
| Potion of Healing | 3 | |
4 total
zergrushkekeke (
green | 35 APM | 1475 actions | 41:43)
7 Archmage
3 Summon Water Elemental
3 Brilliance Aura
1 Mass Teleport
» actions
| Assign group hotkey | 17 | |
| Basic commands | 148 | |
| Build / train | 104 | |
| Enter build submenu | 30 | |
| Enter hero's abilities submenu | 7 | |
| Remove unit from queue | 2 | |
| Right click | 593 | |
| Select / deselect | 313 | |
| Select group hotkey | 160 | |
| Use ability | 101 | |
1475 total
» units
| Peasant | 18 | |
| Mortar Team | 1 | |
| Flying Machine | 8 | |
| Siege Engine | 22 | |
49 total
» upgrades
| Gunpowder | 3 | |
| Masonry | 2 | |
| Lumber Harvesting | 2 | |
| Plating | 3 | |
| Flak Cannons | 1 | |
| Flying Machine Bombs | 1 | |
| Magic Sentry | 1 | |
13 total
» buildings
| Altar of Kings | 1 | |
| Farm | 14 | |
| Lumber Mill | 3 | |
| Blacksmith | 3 | |
| Scout Tower | 27 | |
| Arcane Tower | 3 | |
| Keep | 1 | |
| Guard Tower | 20 | |
| Arcane Vault | 1 | |
| Castle | 1 | |
| Town Hall | 2 | |
| Workshop | 5 | |
| Arcane Sanctum | 2 | |
| Cannon Tower | 2 | |
85 total
» build order
00:09 Altar of Kings
00:21 Farm
00:40 Lumber Mill
00:58 Blacksmith
01:10 Farm
02:15 Scout Tower
02:17 Scout Tower
02:18 Scout Tower
02:19 Scout Tower
02:20 Scout Tower
02:21 Scout Tower
03:04 Arcane Tower
03:07 Keep
04:04 Guard Tower
04:43 Arcane Tower
04:45 Guard Tower
05:10 Arcane Vault
05:31 Guard Tower
05:35 Lumber Mill
06:20 Castle
06:44 Town Hall
06:55 Workshop
06:59 Workshop
07:01 Arcane Sanctum
07:06 Blacksmith
07:13 Workshop
07:15 Arcane Sanctum
07:19 Blacksmith
08:11 Cannon Tower
08:42 Scout Tower
08:43 Scout Tower
08:44 Scout Tower
09:35 Guard Tower
09:49 Arcane Tower
10:10 Cannon Tower
12:12 Farm
12:14 Farm
12:15 Farm
12:16 Farm
12:17 Farm
12:18 Farm
12:19 Farm
12:19 Farm
12:20 Farm
12:21 Farm
12:22 Farm
12:22 Farm
16:01 Workshop
16:04 Workshop
16:16 Lumber Mill
22:11 Town Hall
23:53 Scout Tower
23:54 Scout Tower
23:55 Scout Tower
23:57 Scout Tower
23:58 Scout Tower
23:59 Scout Tower
24:00 Scout Tower
24:00 Scout Tower
24:01 Scout Tower
24:02 Scout Tower
24:03 Scout Tower
24:05 Scout Tower
24:06 Scout Tower
24:07 Scout Tower
24:08 Scout Tower
24:09 Scout Tower
24:10 Scout Tower
24:10 Scout Tower
25:10 Guard Tower
25:11 Guard Tower
25:37 Guard Tower
26:08 Guard Tower
26:21 Guard Tower
26:49 Guard Tower
27:09 Guard Tower
27:45 Guard Tower
29:12 Guard Tower
29:13 Guard Tower
29:15 Guard Tower
39:22 Guard Tower
39:23 Guard Tower
39:24 Guard Tower
39:25 Guard Tower
39:27 Guard Tower
» items
| Scroll of Town Portal | 1 | |
| Orb of Fire | 1 | |
| Potion of Healing | 2 | |
| Potion of Mana | 1 | |
5 total
aggresiveinline (
red | 31 APM | 1285 actions | 41:37)
5 Far Seer
1 Feral Spirit
3 Chain Lighting
1 Far Sight
5 Dark Ranger
2 Black Arrow
2 Silence
1 Life Drain
» actions
| Assign group hotkey | 16 | |
| Build / train | 74 | |
| Enter build submenu | 49 | |
| Enter hero's abilities submenu | 10 | |
| Right click | 561 | |
| Select / deselect | 342 | |
| Select group hotkey | 85 | |
| Use ability | 148 | |
1285 total
» units
» upgrades
| Melee Weapons | 2 | |
| Armor | 2 | |
| Spiked Barricades | 2 | |
| Berserker Strength | 1 | |
7 total
» buildings
| Altar of Storms | 2 | |
| Orc Burrow | 26 | |
| Barracks | 1 | |
| War Mill | 2 | |
| Voodoo Lounge | 1 | |
| Watch Tower | 2 | |
| Stronghold | 2 | |
| Fortress | 2 | |
| Great Hall | 2 | |
| Tauren Totem | 3 | |
43 total
» build order
00:10 Altar of Storms
00:16 Orc Burrow
01:58 Orc Burrow
02:13 Barracks
02:33 War Mill
02:43 War Mill
02:51 Orc Burrow
02:55 Orc Burrow
03:05 Voodoo Lounge
03:37 Orc Burrow
04:14 Watch Tower
04:28 Orc Burrow
05:04 Stronghold
07:32 Orc Burrow
07:42 Fortress
09:37 Great Hall
12:04 Orc Burrow
12:08 Orc Burrow
12:11 Orc Burrow
13:56 Orc Burrow
13:59 Orc Burrow
14:02 Orc Burrow
15:08 Watch Tower
15:23 Tauren Totem
15:53 Tauren Totem
16:05 Tauren Totem
18:07 Orc Burrow
18:12 Orc Burrow
19:02 Altar of Storms
19:11 Orc Burrow
20:07 Orc Burrow
20:13 Orc Burrow
20:21 Orc Burrow
20:34 Stronghold
24:04 Orc Burrow
25:11 Orc Burrow
26:17 Great Hall
26:35 Fortress
29:46 Orc Burrow
30:49 Orc Burrow
32:33 Orc Burrow
33:48 Orc Burrow
34:42 Orc Burrow
» items
| Healing Salve | 1 | |
| Lesser Clarity Potion | 1 | |
2 total
Chat log
(00:09 / Allies) Dark-Evil-Demon: dryads
(00:20 / Allies) aggresiveinline: hi
(00:27 / Allies) Dark-Evil-Demon: sup
(00:29 / Allies) aggresiveinline: i got grunts to taurens
(00:32 / Allies) aggresiveinline: nm
(00:33 / Allies) zugdug: rifles
(00:34 / Allies) Dark-Evil-Demon: ok
(00:34 / Allies) aggresiveinline: u?
(00:35 / All) zergrushkekeke: A mood house?
(00:54 / Allies) aggresiveinline: wat?
(01:01 / All) zergrushkekeke: A mood house?
(01:07 / Allies) aggresiveinline: mood?
(01:13 / Allies) Dark-Evil-Demon: mood?
(01:33 / All) zergrushkekeke: A mood house?
(01:39 / Allies) aggresiveinline: i dunno
(01:42 / Allies) Dark-Evil-Demon: for get it
(01:45 / All) zergrushkekeke: k
(01:52 / Allies) aggresiveinline: cause i dont know wat u mean
(01:54 / Allies) Dark-Evil-Demon: units?
(01:55 / All) zergrushkekeke: :(
(02:00 / All) zergrushkekeke: I like units
(02:03 / Allies) aggresiveinline: lol
(02:05 / Allies) Dark-Evil-Demon: lol
(02:12 / Allies) Dark-Evil-Demon: seroiusely
(02:21 / Allies) aggresiveinline: taurens
(02:26 / Allies) Dark-Evil-Demon: ok
(02:26 / All) zergrushkekeke: Seriously, I do
(02:30 / Allies) Dark-Evil-Demon: pink
(03:29 / All) zergrushkekeke: hay guys
(03:30 / All) zergrushkekeke: sup
(03:38 / Allies) Dark-Evil-Demon: sup.....
(03:51 / All) zergrushkekeke: sup in this filecloud
(05:52 / All) VileBone: lol
(09:01 / Allies) aggresiveinline: tx
(09:03 / Allies) Dark-Evil-Demon: np
(09:40 / All) zergrushkekeke: SIEGE
(10:19 / Allies) aggresiveinline: cpunter
(10:22 / Allies) aggresiveinline: shit
(10:23 / All) zergrushkekeke: Tricksy hobbits
(10:46 / All) aggresiveinline: teal u mother fucker
(10:59 / Allies) Dark-Evil-Demon: wood plz
(11:04 / All) VileBone: thats a good one
(11:40 / Allies) aggresiveinline: counter
(11:41 / All) zergrushkekeke: Vile undead
(11:49 / All) VileBone: yo
(11:56 / Allies) Dark-Evil-Demon: pink wood plz
(12:25 / Allies) Dark-Evil-Demon: plz wood anyone plz!
(12:30 / Allies) Dark-Evil-Demon: thx
(13:21 / Allies) aggresiveinline: out
(13:34 / Allies) aggresiveinline: out pink
(14:27 / Allies) Dark-Evil-Demon: wood plz
(14:36 / Allies) Dark-Evil-Demon: thx
(14:36 / All) zergrushkekeke: DOOM HOUSE
(14:48 / All) zergrushkekeke: YES, DOOM
(14:52 / All) zergrushkekeke: EAT GYRO
(14:53 / All) zergrushkekeke: KEKEKEKE
(15:21 / All) zergrushkekeke: halo
(15:22 / All) zergrushkekeke: salut
(16:22 / All) zergrushkekeke: ohs noes
(16:23 / Allies) Dark-Evil-Demon: help!!!
(18:35 / All) zergrushkekeke: a/s/l
(18:42 / All) zergrushkekeke: hay teal a/s/l
(21:02 / Allies) Dark-Evil-Demon: wood plz
(21:15 / Allies) Dark-Evil-Demon: thx
(21:38 / All) zergrushkekeke: My friends told me this good joke
(21:49 / All) zergrushkekeke: how much wood could a wood chuck chuck
(21:56 / All) zergrushkekeke: IF A WOOD CHUCK COULD CHUCK WOOD
(21:57 / All) zergrushkekeke: LOL
(22:46 / All) zergrushkekeke: so guys
(22:47 / All) zergrushkekeke: sup
(22:59 / All) zergrushkekeke: ohs noes
(23:37 / Allies) Dark-Evil-Demon: O CRAP@!!!
(23:43 / All) zergrushkekeke: HOLD THE LINE BROTHERS
(24:27 / All) aggresiveinline: hi blue
(24:39 / All) VileBone: yo
(24:56 / All) VileBone: ill take that
(25:33 / All) VileBone: thanks
(25:41 / All) aggresiveinline: ur welcome
(25:43 / All) aggresiveinline: lol
(26:40 / Allies) Dark-Evil-Demon: wood and gold plz
(26:58 / Allies) Dark-Evil-Demon: thx
(29:14 / All) aggresiveinline: ha my tauren was starongert
(32:24 / Allies) Dark-Evil-Demon: ....
(34:05 / Allies) zugdug: money anyone
(34:17 / Allies) Dark-Evil-Demon: np
(36:32 / All) aggresiveinline: ok dudes just leave
(36:39 / All) zergrushkekeke: you fail
(36:43 / All) zergrushkekeke: hahaha
(38:15 / Allies) Dark-Evil-Demon: let atkk
(38:19 / Allies) zugdug: where
(38:25 / Allies) Dark-Evil-Demon: don't no
(38:29 / Allies) Dark-Evil-Demon: any 1
(38:31 / Allies) Dark-Evil-Demon: no
(39:39 / All) aggresiveinline: holy crap just leave
(40:08 / All) VileBone: give me gold
(40:12 / All) VileBone: no gold
(41:26 / All) zugdug: gg
(41:35 / All) zergrushkekeke: Failure